 Dungeon Crawl Stone Soup version 0.32-a0-938-g40ac7a0f4d (webtiles) character file.

Game seed: 11326338873444201975

230 uglyjohn the Ruffian (level 5, 0/42 HPs)
             Began as a Draconian Shapeshifter on Apr 15, 2024.
             Succumbed to an orc wizard's poison
             ... on level 4 of the Dungeon.
             The game lasted 00:03:29 (2970 turns).

uglyjohn the Ruffian (Draconian Shapeshifter)       Turns: 2970, Time: 00:03:30

Health: 0/42       AC:  5    Str: 22    XL:     5   Next: 72%
Magic:  5/5        EV: 11    Int: 13    God:
Gold:   107        SH:  0    Dex: 10    Spells: 4/4 levels left

rFire   + +          .
                       - Unarmed
rCold   + . .        (no shield)
rNeg    . . .        (body armour unavailable)
rPois   +            (helmet currently unavailable)
rElec   +            (cloak currently unavailable)
rCorr   +            (gloves currently unavailable)
SInv    .            (boots currently unavailable)
Will    .....        (no amulet)
Stlth   +            g - +6 ring of strength
HPRegen 0.27/turn    j - ring of protection from fire
MPRegen 0.09/turn

%: no passive effects
@: lethally poisoned (0 -> -4), beast-form, resistant, invisible
A: beast (slay +2), AC +5, unfitting armour, cold-blooded
a: Begin Untransformation


You were on level 4 of the Dungeon.
You were a hulking beast.
You visited 1 branch of the dungeon, and saw 4 of its levels.

You collected 107 gold pieces.

Inventory:

Armour
 d - a +2 pair of boots
 u - a +0 pair of gloves
Jewellery
 g - a +6 ring of strength (left hand)
 j - a ring of protection from fire (right hand)
 m - a ring of positive energy
 t - a ring of resist corrosion
Talismans
 b - a beast talisman (active)
 c - a flux talisman
Scrolls
 f - a scroll of silence {unknown}
 h - 2 scrolls of blinking {unknown}
 i - 2 scrolls of identify {unknown}
 l - a scroll of teleportation {unknown}
 n - a scroll of brand weapon {unknown}
 q - a scroll of fear {unknown}
 r - a scroll of vulnerability {unknown}
 s - a scroll of fog {unknown}
 v - a scroll of noise {unknown}
Potions
 a - 3 potions of lignification
 p - a potion of magic {unknown}


   Skills:
 + Level 2.5 Fighting
 + Level 2.6 Dodging
 * Level 4.5 Unarmed Combat
 * Level 4.3 Shapeshifting


You had 4 spell levels left.
You didn't know any spells.
Your spell library contained the following spells:

 Spells                   Type           Power      Damage    Failure   Level
 Magic Dart               Conj           0%         1d3       30%         1
 Searing Ray              Conj           0%         2d4       43%         2
 Stone Arrow              Conj/Erth      0%         3d7       67%         3
 Fulminant Prism          Conj/Alch      0%         3d5       97%         4
 Lehudib's Crystal Spear  Conj/Erth      0%         10d2      100%        8
 Animate Armour           Summ/Erth      Unusable   N/A       N/A         4

Dungeon Overview and Level Annotations

Branches:
Dungeon (4/15)
 Temple: D:4-7

Altars:
Ru

Annotations:
D:3 1 runed translucent door, NotBatman's ghost, amateur DrHu


Innate Abilities, Weirdness & Mutations

You are a hulking beast.
Your limbs bulge with bestial killing power. (Slay +2)
Your plain brown scales are hard. (AC +5)
You cannot fit into any form of body armour.
You are cold-blooded and may be slowed by cold attacks.


Message History

It was a potion of curing.
You feel better. Something hits you.
* * * LOW HITPOINT WARNING * * *
You are poisoned.
The orc closely misses you.
* * * LOW HITPOINT WARNING * * *
You feel sick.
A magic dart appears from out of thin air!
The magic dart hits you.
* * * LOW HITPOINT WARNING * * *
You punch the orc!
You kill the orc!
* * * LOW HITPOINT WARNING * * *
You feel sick.
You hear some strange, mumbled words.
You are confused.
Unknown command.
You feel better.
You hear some strange, mumbled words.
A puff of flame appears from out of thin air!
The puff of flame hits you. You resist.
* * * LOW HITPOINT WARNING * * *
Something hits you.
* * * LOW HITPOINT WARNING * * *
You are lethally poisoned!
Things that are here:
a +0 dagger; a +0 club; an orc corpse You miss something.
* * * LOW HITPOINT WARNING * * *
You feel very sick. Something barely misses you.
You barely miss something.
* * * LOW HITPOINT WARNING * * *
You feel sick.
It was a potion of resistance.
You feel protected.
* * * LOW HITPOINT WARNING * * *
You feel sick. Something hits you but does no damage.
It was a potion of invisibility.
You fade into invisibility!
You die...

..###......#
...........###
.............#
.............#
.............#
.....o.......#
.............#
#.......##.{.#
#.#..#.####h.#
..#..#.......# #..
#.#.....# ##. #.###...#
#.#.[#....#
##.#..#....#######+#######
#.....#...................
#..).....................
#.......##.....## #.......


There were no monsters in sight!

Vanquished Creatures
  A scorpion (D:4)
  A hound (D:3)
  4 gnolls (D:3)
  5 adders
  4 dart slugs
  2 orcs (D:4)
  6 bats
  2 endoplasms (D:1)
  2 giant cockroaches
  11 hobgoblins
  2 jackals (D:3)
  4 kobolds
  3 quokkas
  2 ball pythons
  A frilled lizard (D:1)
  3 rats
53 creatures vanquished.

Notes
Turn   | Place    | Note
-------+----------+-------------------------------------------
     0 | D:1      | uglyjohn the Draconian Shapeshifter began the quest for the
                  | Orb.
     0 | D:1      | Reached XP level 1. HP: 16/16 MP: 1/1
   101 | D:1      | Reached XP level 2. HP: 21/23 MP: 2/2
   229 | D:1      | You fall into a shaft and drop 1 floor!
   386 | D:1      | Found a faded altar of an unknown god.
   762 | D:1      | Reached XP level 3. HP: 28/28 MP: 3/3
  1845 | D:3      | Reached XP level 4. HP: 24/36 MP: 4/4
  2320 | D:3      | Reached XP level 5. HP: 17/41 MP: 5/5
  2521 | D:3      | Found a runed translucent door.
  2526 | D:3      | Noticed NotBatman's ghost (amateur DrHu)
  2842 | D:4      | Found a sacrificial altar of Ru.
  2964 | D:4      | HP: 2/42 [poisoned by an orc wizard]
  2969 | D:4      | HP: 1/42 [poisoned by an orc wizard]
  2970 | D:4      | Succumbed to an orc wizard's poison

Illustrated notes

Levels and vault maps discovered:
D:1:      dpeg_arrival_rhombus, layout_basic,
          shapermc_ecumenical_altar_starsandcircs, nicolae_figureground_pulse
D:2:      layout_basic, serial_bayou_lagoon_a, serial_bayou_pond_e
D:3:      layout_loops_ring, ebering_ghost_reflecting_pool
D:4:      layout_cave_pools, nicolae_ru_awakened_eye, fedhas_ov_isle_minmay,
          kennysheep_generic_room_2

Skill      XL: |  1  2  3  4 |
---------------+-------------+-----
Dodging        | 2 |  2.6
Fighting       | 2 |  2.5
Unarmed Combat | 4 |  4.5
Shapeshifting  | 4 |  4.3

Action                     |  1- 3 |  4- 6 || total
---------------------------+-------+-------++-------
  Melee: Unarmed           |    97 |    65 ||   162
         Tailslap          |    12 |    10 ||    22
         Punch             |     2 |     2 ||     4
    Use: Potion            |       |     4 ||     4
 Armour: Skin              |    54 |    53 ||   107
  Dodge: Dodged            |    45 |    27 ||    72

Table legend: (Time is in decaauts)
 A = Elapsed time spent in this place.
 B = Non-inter-level travel time spent in this place.
 C = Inter-level travel time spent in this place.
 D = Time resting spent in this place.
 E = Time spent auto-exploring this place.
 F = Levels seen in this place.
 G = Mean time per level.
                   A        B        C        D        E       F      G
               +--------+--------+--------+--------+--------+-----+--------+
         Total |   2971 |   2794 |    177 |    119 |   2239 |   4 |  742.8 |
       Dungeon |   2971 |   2794 |    177 |    119 |   2239 |   4 |  742.8 |
               +--------+--------+--------+--------+--------+-----+--------+

Top non-repeatable levels by time:
     D:2: 1013 daAuts
     D:3: 984 daAuts
     D:1: 822 daAuts
     D:4: 151 daAuts
